 Dungeon Crawl Stone Soup version 0.29.1-12-g30fa7ad0bf (webtiles) character file.

Game seed: 18099888012664584190

1610 wormed the Chopper (level 8, -4/42 HPs)
             Began as a Vine Stalker Gladiator on Dec 28, 2022.
             Slain by an orc warrior
             ... wielding a +0 halberd
              (13 damage)
             ... on level 6 of the Dungeon.
             The game lasted 00:11:23 (5796 turns).

wormed the Chopper (Vine Stalker Gladiator)         Turns: 5796, Time: 00:11:24

Health: -4/42      AC:  8    Str: 19    XL:     8   Next: 95%
Magic:  0/9        EV:  9    Int:  8    God:
Gold:   258        SH:  9    Dex: 16    Spells: 7/7 levels left

rFire   . . .      SeeInvis .   a - +0 war axe
rCold   . . .      Faith    .   f - +0 kite shield
rNeg    . . .      Spirit   +   w - +1 scale mail {rPois}
rPois   +          Reflect  .   t - +0 helmet
rElec   .          Harm     .   (no cloak)
rCorr   .          Rampage  .   (no gloves)
Will    +....                   (no boots)
Stlth   ..........              (no amulet)
HPRegen 0.94/turn               r - +4 ring of slaying
MPRegen 0.11/turn               (no ring)

@: no status effects
A: fangs 3, regeneration 1, magic shield, antimagic bite, no potion heal 2
a: no special abilities


You were on level 6 of the Dungeon.
You visited 2 branches of the dungeon, and saw 7 of its levels.

You collected 258 gold pieces.

Inventory:

Hand Weapons
 a - a +0 war axe (weapon)
Missiles
 d - 5 throwing nets (quivered)
 v - 9 poisoned darts
 B - 5 atropa-tipped darts
Armour
 f - a +0 kite shield (worn)
 i - a +0 tower shield
 t - a +0 helmet (worn)
 w - a +1 scale mail of poison resistance (worn)
Jewellery
 r - a +4 ring of slaying (left hand)
 C - a ring of fire
Scrolls
 c - a scroll of acquirement {unknown}
 h - 6 scrolls of teleportation {unknown}
 j - 10 scrolls of identify {unknown}
 l - 3 scrolls of vulnerability {unknown}
 m - a scroll of enchant weapon {unknown}
 o - 2 scrolls of blinking {unknown}
 q - 2 scrolls of magic mapping {unknown}
 u - 6 scrolls of poison {unknown}
 x - a scroll of fog {unknown}
 y - 2 scrolls of fear {unknown}
 A - a scroll of amnesia {unknown}
Potions
 e - 2 potions of flight {unknown}
 g - a potion of might {unknown}
 k - a potion of haste {unknown}
 n - a potion of degeneration {unknown}
 p - a potion of mutation {unknown}
 s - 5 potions of curing
 z - a potion of magic {unknown}
 D - a potion of brilliance {unknown}


   Skills:
 - Level 4.0 Fighting
 * Level 6.7 Axes
 + Level 4.9 Throwing
 - Level 3.0 Armour
 - Level 3.0 Dodging
 - Level 3.0 Shields


You had 7 spell levels left.
You didn't know any spells.
Your spell library contained the following spells:

 Spells                   Type           Power      Damage    Failure   Level
 Summon Small Mammal      Summ           0%         N/A       99%         1
 Scorch                   Fire           0%         2d5       99%         2
 Call Canine Familiar     Summ           0%         N/A       100%        3
 Summon Guardian Golem    Hex/Summ       0%         N/A       100%        3
 Flame Wave               Conj/Fire      0%         2d4       100%        4
 Summon Cactus Giant      Summ           0%         N/A       100%        6


Dungeon Overview and Level Annotations

Branches:
Dungeon (6/15)             Temple (1/1) D:6

Altars:
Ashenzari
Cheibriados
Dithmenos
Fedhas
Gozag
Hepliaklqana
Kikubaaqudgha
Makhleb
Qazlal
Ru
Uskayaw
Vehumet
Wu Jian
Xom
Yredelemnul
Zin
The Shining One

Shops:
D:6 [

Annotations:
D:6 3 runed translucent doors, xian's ghost, amateur MiFi


Innate Abilities, Weirdness & Mutations

You have razor-sharp teeth.
Your natural rate of healing is unusually fast.
When hurt, damage is shared between your health and your magic reserves.
Your bite disrupts and absorbs the magic of your enemies.
Potions cannot restore your health.


Message History

You closely miss something. Something hits you.
The orc warrior hits you with a +0 halberd.
You hit something. You bite something. You drain its magic.
You feel invigorated.
You completely miss the orc warrior. Something hits you.
You block the orc warrior's attack.
The orc warrior hits you with a +0 halberd!
* * * LOW HITPOINT WARNING * * *
Something hits you but does no damage.
You closely miss something. You hit the orc warrior.
The orc warrior closely misses you. Something hits you.
You closely miss something. You bite something. You drain its magic.
You feel invigorated.
You slash the orc warrior!
The orc warrior hits you with a +0 halberd!
* * * LOW HITPOINT WARNING * * *
Something hits you but does no damage.
You closely miss something. Your bite misses something.
You hit the orc warrior but do no damage.
Something hits you but does no damage. You block the orc warrior's attack.
Something hits you but does no damage.
The orc warrior hits you but does no damage.
You completely miss the orc warrior.
The orc warrior is heavily wounded.
You miss something.
The water moccasin hisses angrily.
You block the orc warrior's attack. Something hits you.
* * * LOW HITPOINT WARNING * * *
You hit the orc warrior.
You bite the orc warrior, but do no damage.
The orc warrior is heavily wounded.
You slash something!
Reactivating autopickup.
You feel a bit more experienced. The orc warrior closely misses you.
You hit the orc warrior. Your bite misses the orc warrior.
The orc warrior is heavily wounded.
You block the orc warrior's attack.
The orc warrior hits you but does no damage.
You closely miss the orc warrior.
The orc warrior is heavily wounded.
The orc warrior hits you with a +0 halberd!
You die...

### ###.. #... ## ...> ####
....... ### .♣.... #.#
....# #.# ##...# #.# #...#
##### ###.####)# ....#
#..†...@o# .##.#
#.#.####.######### .##.##
#................# .....#
#.....##.#####.#.#
.##..#####(...............#
.##.......................#
.....#######..#########...#
.##### #..#..S....#...# .#
##..#...?!.o#..##


You could see an orc warrior and a water moccasin.

Vanquished Creatures
  A black bear (D:6)
  An orc warrior (D:6)
  2 bullfrogs (D:6)
  A necrophage (D:6)
  4 scorpions
  3 jellies
  4 orc priests (D:5)
  3 gnoll boudas
  2 hounds (D:4)
  Terence (D:3)
  Jessica (D:2)
  4 iguanas
  5 orc wizards
  20 gnolls
  4 adders
  A white imp (D:6)
  3 ufetubi
  4 dart slugs
  11 orcs
  9 ball pythons
  8 endoplasms
  2 giant cockroaches (D:1)
  5 hobgoblins
  15 jackals
  7 kobolds
  3 quokkas
  3 bats
  5 goblins
  9 rats
141 creatures vanquished.

Vanquished Creatures (others)
  3 plants (D:6)
3 creatures vanquished.

Grand Total: 144 creatures vanquished

Notes
Turn   | Place    | Note
-------+----------+-------------------------------------------
     0 | D:1      | wormed the Vine Stalker Gladiator began the quest for the
                  | Orb.
     0 | D:1      | Reached XP level 1. HP: 11/11 MP: 2/2
    12 | D:1      | Found a burning altar of Makhleb.
   206 | D:1      | Found a faded altar of an unknown god.
   217 | D:1      | Reached XP level 2. HP: 15/15 MP: 3/3
   473 | D:1      | Reached XP level 3. HP: 18/18 MP: 4/4
  1076 | D:2      | Reached skill level 3 in Axes
  1193 | D:2      | Reached skill level 1 in Shields
  1215 | D:2      | Reached skill level 1 in Armour
  1215 | D:2      | Gained mutation: Your natural rate of healing is unusually
                  | fast. [Vine Stalker growth]
  1215 | D:2      | Reached XP level 4. HP: 4/23 MP: 1/5
  1596 | D:3      | Noticed Terence
  1601 | D:3      | Noticed Jessica
  1978 | D:2      | Killed Jessica
  1979 | D:2      | Reached XP level 5. HP: 27/27 MP: 6/6
  2005 | D:3      | Killed Terence
  2260 | D:3      | Found a faded altar of an unknown god.
  2392 | D:3      | Found a broken altar of Ashenzari.
  2608 | D:4      | Found a snail-covered altar of Cheibriados.
  2758 | D:4      | Reached XP level 6. HP: 31/32 MP: 5/7
  3265 | D:4      | Reached XP level 7. HP: 9/36 MP: 2/8
  3385 | D:4      | Found a shimmering altar of Xom.
  3396 | D:4      | Found a radiant altar of Vehumet.
  3587 | D:5      | Entered Level 5 of the Dungeon
  3608 | D:4      | Reached skill level 4 in Axes
  3667 | D:5      | Found a basalt altar of Yredelemnul.
  3677 | D:5      | Found a glowing golden altar of the Shining One.
  3680 | D:5      | Noticed an angel
  3804 | D:5      | Found an opulent altar of Gozag.
  4617 | D:6      | Gained mutation: You have razor-sharp teeth. [Vine Stalker
                  | growth]
  4617 | D:6      | Reached XP level 8. HP: 39/42 MP: 7/9
  4696 | D:6      | Reached skill level 5 in Axes
  4818 | D:6      | Found Tunliale's Antique Armour Shop.
  4890 | D:6      | Found a staircase to the Ecumenical Temple.
  4902 | Temple   | Entered the Ecumenical Temple
  5046 | D:6      | Reached skill level 6 in Axes
  5415 | D:6      | Found a runed translucent gate.
  5415 | D:6      | Found a runed translucent gate.
  5418 | D:6      | Noticed xian's ghost (amateur MiFi)
  5419 | D:6      | Found a runed translucent gate.
  5421 | D:6      | Noticed a manticore
  5796 | D:6      | Slain by an orc warrior

Illustrated notes

Levels and vault maps discovered:
D:1:      dpeg_arrival_lava_altar, layout_basic, ebering_ecumenical_altar_mist
D:2:      layout_rooms
D:3:      layout_rooms, nicolae_overflow_ecumenical_swirl, uniq_terence,
          uniq_jessica
D:4:      layout_basic, kennysheep_slug_shrine, mainiacjoe_overflow_big_doors,
          nicolae_underground_beach
D:5:      layout_rooms, grunt_temple_overflow_holy_war,
          nicolae_gozag_seed_capital
D:6:      layout_loops_corners, minmay_temple_entry_ruins, serial_shops,
          nicolae_shop_overgrown_old_shop, gammafunk_ghost_split,
          chequers_serial_rivers_marsh, st_stairs_10, grunt_ministairs_12
Temple:   nicolae_temple_ecumenical_triangle

Skill      XL: |  1  2  3  4  5  6  7  8 |
---------------+-------------------------+-----
Fighting       | 2 3 4 |  4.0
Throwing       | 2 3 4 |  4.9
Axes           | 3 4 6 |  6.7
Shields        | 1 2 3 |  3.0
Armour         | 1 2 3 |  3.0
Dodging        | 3 |  3.0

Action                   |  1- 3 |  4- 6 |  7- 9 || total
-------------------------+-------+-------+-------++-------
Melee: War axe           |    73 |   107 |   152 ||   332
       Bite              |    15 |    27 |    51 ||    93
Throw: Javelin           |       |     1 |     1 ||     2
       Dart              |       |     2 |       ||     2
  Use: Potion            |       |       |     1 ||     1
Armor: Leather armour    |    18 |       |       ||    18
       Ring mail         |     5 |    13 |       ||    18
       Scale mail        |       |    37 |    58 ||    95
Dodge: Dodged            |    31 |    68 |    56 ||   155
Block: Kite shield       |    36 |    70 |    69 ||   175
